AoeStats
← SlightlySaltedCamelCrisps

Nomad

508919594Analyzed
2v2 RM · 9d ago on Sep 24, 2026· 52m 47s· 4 players
Game mode
Random Map
Map size
176×176
Population
200
Speed
Normal
Resources
Standard
Victory
Conquest
Starting age
Dark Age
Ending age
Imperial Age
RankedLock teamsTeams togetherTeam positionsShared explorationLock speedFull tech treeHidden civsTurbo modeCheats
Victory
Defeat
🇨🇳 Franks · China
1250
+14
🇪🇸 Ethiopians · Spain
1155
+18
1196
-16
🇩🇪 Vietnamese · Germany
1195
-16
jimima
5:31 Loom
13:35 Feudal Age
15:10 Double-Bit Axe
18:01 Castle Age
16:00 Stone Mining
16:24 Gold Mining
16:19 Horse Collar
20:31 Bow Saw
20:24 Heavy Plow
28:08 Padded Archer Armor
29:28 Fletching
32:09 Ballistics
32:49 Wheelbarrow
35:01 Imperial Age
32:32 Bodkin Arrow
32:57 Leather Archer Armor
33:03 Murder Holes
33:22 Masonry
35:27 Elite Rattan Archer
36:31 Paper Money
36:16 Bracer
37:20 Chemistry
43:16 Thumb Ring
46:17 Ring Archer Armor
45:53 Scale Barding Armor
45:59 Forging
45:18 Light Cavalry
46:01 Husbandry
46:13 Bloodlines
47:20 Pikeman
48:04 Squires
48:09 Halberdier
50:06 Scale Mail Armor
50:42 Iron Casting
50:28 Chain Barding Armor
52:28 Two-Man Saw
52:04 Crop Rotation
52:49 Chain Mail Armor
SlightlySaltedCamelCrisps
5:10 Loom
14:11 Feudal Age
15:00 Town Watch
15:27 Fishing Lines
17:55 Castle Age
16:16 Double-Bit Axe
16:25 Stone Mining
16:57 Horse Collar
19:07 Bow Saw
21:19 Fletching
22:22 Wheelbarrow
27:46 Gold Mining
31:24 Hand Cart
31:14 Bodkin Arrow
44:52 Gillnets
thepeiru
4:18 Loom
13:39 Feudal Age
14:41 Double-Bit Axe
19:49 Castle Age
18:40 Padded Archer Armor
18:34 Fletching
18:38 Gold Mining
20:10 Padded Archer Armor
19:55 Crossbowman
20:41 Thumb Ring
20:52 Thumb Ring
22:23 Town Watch
23:24 Bodkin Arrow
24:37 Wheelbarrow
25:36 Gold Shaft Mining
28:05 Leather Archer Armor
28:13 Ballistics
29:22 Hand Cart
31:07 Scale Mail Armor
31:55 Stone Mining
35:16 Stone Shaft Mining
38:21 Imperial Age
37:18 Town Patrol
39:34 Arbalester
40:45 Ring Archer Armor
40:16 Bracer
43:55 Bracer
44:05 Forging
44:11 Chain Mail Armor
44:26 Onager
47:09 Elite Skirmisher
51:18 Chemistry
浅伤
5:01 Loom
14:52 Feudal Age
16:15 Double-Bit Axe
19:53 Castle Age
19:49 Gold Mining
19:54 Stone Mining
21:21 Town Watch
24:29 Bow Saw
24:13 Gold Mining
25:44 Wheelbarrow
29:38 Husbandry
33:18 Scale Barding Armor
33:24 Forging
36:41 Chain Barding Armor
36:28 Fletching
38:53 Iron Casting
43:16 Imperial Age
43:20 Gold Shaft Mining
44:42 Plate Barding Armor
43:30 Cavalier
44:47 Hand Cart
46:16 Blast Furnace
45:40 Conscription
46:17 Chivalry
48:51 Paladin
Connection lost

Rejoining the realm…

Still unreachable

The connection could not be restored.

Session expired

The server has moved on; the page needs a fresh start.